 Dungeon Crawl Stone Soup version 0.19.1-1-g22dce08 (webtiles) character file.

144 empire the Charmwright (level 5, -6/45 HPs)
             Began as a Draconian Skald on Jan 20, 2017.
             Killed from afar by an orc wizard (7 damage)
             ... with a magic dart
             ... on level 3 of the Dungeon.
             The game lasted 00:04:57 (2914 turns).

empire the Charmwright (Draconian Skald)            Turns: 2914, Time: 00:04:59

Health: -6/45      AC:  5    Str: 20    XL:     5   Next: 5%
Magic:  3/9        EV: 12    Int: 13    God:
Gold:   69         SH:  0    Dex: 10    Spells: 4 memorised, 1 level left

rFire  . . .     SeeInvis .     a - +0 falchion
rCold  . . .     Gourm    .     (armour unavailable)
rNeg   . . .     Faith    .     (no shield)
rPois  .         Spirit   .     (helmet restricted)
rElec  .         Reflect  .     (no cloak)
rCorr  .         Harm     .     (no gloves)
MR     .....                    (no boots)
Stlth  +.........               (no amulet)
                                (no ring)
                                (no ring)

@: mighty, infused, very slightly contaminated
A: unfitting armour, cold-blooded, AC +5
a: no special abilities


You were on level 3 of the Dungeon.
You were not hungry.

You visited 1 branch of the dungeon, and saw 3 of its levels.

You collected 69 gold pieces.

Inventory:

Hand Weapons
 a - a +0 falchion (weapon)
Scrolls
 e - 3 scrolls of remove curse {unknown}
 f - a scroll of amnesia {unknown}
 g - 3 scrolls of teleportation {unknown}
 h - a scroll of identify {unknown}
 k - a scroll of fear {unknown}
 m - a scroll of enchant armour {unknown}
 q - a scroll of noise {unknown}
Potions
 l - a potion of berserk rage {unknown}
 n - a potion of heal wounds {unknown}
 r - a potion of flight {unknown}
Books
 b - a book of Battle

   Spells                             Type                      Level
   a - Infusion                       Charms                       1
   b - Shroud of Golubria             Charms/Translocation         2
   c - Song of Slaying                Charms                       2
   d - Spectral Weapon                Hexes/Charms                 3
   e - Regeneration                   Charms/Necromancy            3
Comestibles
 c - a bread ration
 i - a meat ration
 j - a chunk of flesh
 o - 2 beef jerkies
 p - a slice of pizza


   Skills:
 + Level 3.1 Fighting
 + Level 2.7 Long Blades
 + Level 2.2 Dodging
 + Level 2.6 Spellcasting
 + Level 3.4 Charms
 + Level 0.4 Necromancy
 + Level 0.6 Translocations


You had one spell level left.
You knew the following spells:

 Your Spells              Type           Power        Failure   Level  Hunger
a - Infusion              Chrm           ##..         8%          1    #......
b - Shroud of Golubria    Chrm/Tloc      #.........   17%         2    ###....
c - Regeneration          Chrm/Necr      #.........   34%         3    ###....
d - Song of Slaying       Chrm           ##......     10%         2    ###....


Dungeon Overview and Level Annotations

Branches:
Dungeon (3/15)

Altars:
Kikubaaqudgha


Innate Abilities, Weirdness & Mutations

Your plain brown scales are hard. (AC +5)
You cannot fit into any form of body armour.
You are cold-blooded and may be slowed by cold attacks.


Message History

The orc wizard looks braver for a moment.
You hit the orc wizard!
You kill the orc wizard!
You have reached level 5!
The orc misses you.
You closely miss the orc. The orc hits you with a hand axe.
* * * LOW HITPOINT WARNING * * *
The orc barely misses you.
It was a potion of might.
You feel very mighty all of a sudden. The orc hits you with a hand axe.
* * * LOW HITPOINT WARNING * * *
The orc misses you.
You barely miss the orc. You tail-slap the orc!
You kill the orc!
The orc hits you with a hand axe.
* * * LOW HITPOINT WARNING * * *
A magic dart appears from out of thin air!
The magic dart hits you!
You die...

....... #..... .....
#... #<. #.#+#
##.#.####.#.###
.....{)@o.....## .......
##.#.####.#.#..##.......
..%#.##.##.(.....
.########.##.##.......
..............#.......
#########.##..#.......
#.###.#....... #.#
#......... #.#
#.........


You could see an orc.

Vanquished Creatures
  An orc wizard (D:3)
  2 adders
  A gnoll (D:1)
  3 worms (D:2)
  A dart slug (D:2)
  3 leopard geckos
  An orc (D:3)
  6 bats
  4 giant cockroaches (D:2)
  9 goblins
  9 hobgoblins
  6 jackals (D:1)
  A quokka (D:2)
  4 frilled lizards
  9 kobolds
  8 rats
  2 plants (D:1)
70 creatures vanquished.

Notes
Turn   | Place    | Note
-------+----------+-------------------------------------------
     0 | D:1      | empire the Draconian Skald began the quest for the Orb.
     0 | D:1      | Reached XP level 1. HP: 17/17 MP: 3/3
   124 | D:1      | Reached XP level 2. HP: 11/25 MP: 5/5
   518 | D:1      | Reached XP level 3. HP: 9/30 MP: 6/6
   627 | D:1      | HP: 1/30 [poisoned by an adder]
  1702 | D:2      | Reached XP level 4. HP: 31/37 MP: 7/7
  1788 | D:2      | Learned a level 2 spell: Shroud of Golubria
  1792 | D:2      | Learned a level 3 spell: Regeneration
  1795 | D:2      | Learned a level 2 spell: Song of Slaying
  1949 | D:2      | Found an ancient bone altar of Kikubaaqudgha.
  2911 | D:3      | Reached XP level 5. HP: 8/45 MP: 2/9
  2913 | D:3      | HP: 2/45 [orc/hand axe (1)]
  2914 | D:3      | Killed from afar by an orc wizard

Skill      XL: |  1  2  3  4 |
---------------+-------------+-----
Charms         | 3 |  3.4
Dodging        | 2 |  2.2
Fighting       | 3 |  3.1
Long Blades    | |  2.7
Spellcasting   | |  2.6
Necromancy     | |  0.4
Translocations | |  0.6

Action                   |  1- 3 |  4- 6 || total
-------------------------+-------+-------++-------
Melee: Falchion          |   253 |    81 ||   334
       Tailslap          |    40 |    12 ||    52
 Cast: Infusion          |     1 |     3 ||     4
       Shroud of Golubri |       |     1 ||     1
  Use: Potion            |       |     1 ||     1
  Eat: Chunk             |     3 |     4 ||     7
Armor: Skin              |    42 |    25 ||    67
Dodge: Dodged            |   107 |    56 ||   163
       Rpst.: Falchion   |    35 |    19 ||    54
